 Dungeon Crawl Stone Soup version 0.23-a0-270-gab6feb3 (webtiles) character file.

47 Amnesiac the Digger (level 3, -1/26 HPs)
             Began as a Ghoul Earth Elementalist on Oct 1, 2018.
             Slain by an orc
             ... wielding a +0 short sword
              (3 damage)
             ... on level 3 of the Dungeon.
             The game lasted 00:04:38 (1208 turns).

Amnesiac the Digger (Ghoul Earth Elementalist)      Turns: 1208, Time: 00:04:38

Health: -1/26      AC:  2    Str: 11    XL:     3   Next: 70%
Magic:  0/5        EV: 12    Int: 11    God:
Gold:   50         SH:  0    Dex:  9    Spells: 3/6 levels left

rFire    . . .     SeeInvis .   (no weapon)
rCold    + . .     Gourm    .   (no shield)
rNeg     + + +     Faith    .   c - +0 robe
rPois    ∞         Spirit   .   (no helmet)
rElec    .         Reflect  .   (no cloak)
rCorr    .         Harm     .   (no gloves)
MR       .....                  (no boots)
Stlth    ++........             (no amulet)
HPRegen  0.00/turn              (no ring)
MPRegen  0.09/turn              (no ring)

@: rotting
A: rotting body, claws 1, carnivore, cold resistance 1, negative energy
resistance 3, inhibited regeneration, torment resistance, unbreathing
a: no special abilities


You were on level 3 of the Dungeon.
You were not hungry.

You visited 1 branch of the dungeon, and saw 5 of its levels.

You collected 50 gold pieces.

Inventory:

Missiles
 b - 11 stones (quivered)
Armour
 c - a +0 robe (worn)
Scrolls
 i - 2 scrolls of identify {!r, unknown}
Potions
 e - a potion of mutation {!q, unknown}
 f - a potion of brilliance {!q, unknown}
 h - a potion of haste {!q, unknown}
Comestibles
 d - 2 rations


   Skills:
 - Level 1.7 Dodging
 - Level 2.1 Stealth
 + Level 2.3 Spellcasting
 - Level 0.8 Transmutations
 * Level 4.5 Earth Magic


You had 3 spell levels left.
You knew the following spells:

 Your Spells              Type           Power        Failure   Level  Hunger
a - Sandblast             Erth           ##....       4%          1    ##.....
b - Passwall              Tmut/Erth      #.......     14%         2    ###....

Your spell library contained the following spells:

 Spells                   Type           Power        Failure   Level  Hunger
 Stone Arrow              Conj/Erth      #.....       32%         3    ####...
 Petrify                  Tmut/Erth      #.......     67%         4    #####..
 Lee's Rapid Deconstruct  Erth           ##........   77%         5    ######.


Dungeon Overview and Level Annotations

Branches:
Dungeon (5/15)
 Temple: D:4-7

Altars:

Shops:
D:4 !

Annotations:
D:1 1 runed door
D:2 Natasha
D:4 exclusion: downstairs


Innate Abilities, Weirdness & Mutations

Your body is rotting away.
You thrive on raw meat.
You are immune to poison.
You have sharp fingernails.
You are carnivorous and can eat meat at any time.
Your flesh is cold resistant. (rC+)
You are immune to negative energy. (rN+++)
You do not regenerate when monsters are visible.
You are immune to unholy pain and torment.
You can survive without breathing.


Message History

You climb upwards.
Found a scroll of teleportation.
There is a stone staircase leading down here.
You scratch the orc but do no damage. The orc hits you with a short sword.
* * * LOW HITPOINT WARNING * * *
You barely miss the orc. The orc hits you with a short sword.
* * * LOW HITPOINT WARNING * * *
You barely miss the orc. The orc barely misses you.
Casting: Passwall (safe; 14% risk of failure)
Confirm with . or Enter, or press ? or * to list all spells.
Aiming: Sandblast (safe; 4% risk of failure)
Press: ? - help, Shift-Dir - straight line, f - orc
Aim: an orc, wielding a short sword and wearing a ring mail The blast of sand hits the orc.
The orc is heavily wounded.
b - 15 stones The orc barely misses you.
Unknown command.
Unknown command.
Casting: Sandblast (safe; 4% risk of failure)
Confirm with . or Enter, or press ? or * to list all spells.
Aiming: Sandblast (safe; 4% risk of failure)
Press: ? - help, Shift-Dir - straight line, f/p - orc
Aim: an orc, wielding a short sword and wearing a ring mail (heavily wounded)
The blast of sand hits the orc.
The orc is severely wounded.
b - 14 stones The orc misses you.
Unknown command.
Casting: Sandblast (safe; 4% risk of failure)
Confirm with . or Enter, or press ? or * to list all spells.
Aiming: Sandblast (safe; 4% risk of failure)
Press: ? - help, Shift-Dir - straight line, f/p - orc
Aim: an orc, wielding a short sword and wearing a ring mail (severely wounded)
The blast of sand hits the orc.
The orc is severely wounded.
b - 13 stones The orc hits you but does no damage.
Unknown command.
Casting: Sandblast (safe; 4% risk of failure)
Confirm with . or Enter, or press ? or * to list all spells.
Aiming: Sandblast (safe; 4% risk of failure)
Press: ? - help, Shift-Dir - straight line, f/p - orc
Aim: an orc, wielding a short sword and wearing a ring mail (severely wounded)
The blast of sand hits the orc.
The orc is severely wounded.
b - 12 stones The orc hits you with a short sword.
* * * LOW HITPOINT WARNING * * *
Unknown command.
Casting: Sandblast (safe; 4% risk of failure)
Confirm with . or Enter, or press ? or * to list all spells.
You don't have enough magic to cast that spell.
Unknown command.
Casting: Sandblast (safe; 4% risk of failure)
Confirm with . or Enter, or press ? or * to list all spells.
Aiming: Sandblast (safe; 4% risk of failure)
Press: ? - help, Shift-Dir - straight line, f/p - orc
Aim: an orc, wielding a short sword and wearing a ring mail (severely wounded)
The blast of sand hits the orc.
The orc is severely wounded.
b - 11 stones The orc hits you with a short sword.
You die...

################
...........>.o@.#
....
..?.....###.#
#..##########.#
.# ...... #.# .#
...... #.# .#
##..# #.# .# #.#
.# #.# ##


You could see an orc.

Vanquished Creatures
  2 adders
  A leopard gecko (D:2)
  2 orcs (D:4)
  A ball python (D:3)
  A goblin (D:3)
  3 hobgoblins
  6 jackals
  A quokka (D:4)
  4 bats
  A frilled lizard (D:1)
  2 rats
24 creatures vanquished.

Notes
Turn   | Place    | Note
-------+----------+-------------------------------------------
     0 | D:1      | Amnesiac the Ghoul Earth Elementalist began the quest for
                  | the Orb.
     0 | D:1      | Reached XP level 1. HP: 14/14 MP: 2/2
     1 | D:1      | Found a runed door.
   192 | D:2      | Reached XP level 2. HP: 19/19 MP: 0/4
   223 | D:2      | Learned a level 2 spell: Passwall
   280 | D:2      | Noticed Natasha
   440 | D:3      | Reached skill level 4 in Earth Magic
   440 | D:3      | Reached XP level 3. HP: 4/26 MP: 3/5
  1063 | D:5      | Entered Level 5 of the Dungeon
  1195 | D:4      | Found Canuph's Distillery.
  1208 | D:3      | Slain by an orc

Vault maps used:
D:1:      dpeg_arrival_caged_fury
D:2:      grunt_temple_overflow_diamond, kennysheep_decorative_pillar,
          kennysheep_generic_room_3, uniq_natasha, uniq_terence
D:3:      serial_bayou_lagoon_b
D:4:      gammafunk_temple_overflow_pools, serial_shops, nicolae_shop_crystal,
          ebering_ghost_sewer_d, minmay_fountain_box
D:5:      grunt_temple_overflow_champion_of_chaos,
          minmay_temple_entry_statues_pillars, first_ration, basic_altar

Skill      XL: |  1  2 |
---------------+-------+-----
Spellcasting   | 2 |  2.3
Earth Magic    | 4 |  4.5
Dodging        | |  1.7
Stealth        | |  2.1
Transmutations | |  0.8

Action                   || total
-------------------------++-------
Melee: Unarmed           ||   128
 Cast: Sandblast         ||    19
       Passwall          ||     1
  Use: Scroll            ||     2
 Stab: Sleeping          ||     1
  Eat: Chunk             ||    23
Armor: Robe              ||    36
Dodge: Dodged            ||   106

Table legend:
 A = Non-vault XP
 B = Vault XP
 C = Vault XP percentage of total XP
 D = Non-vault monster count
 E = Vault monster count
 F = Vault count percentage of total count
                 A         B        C        D         E       F
            +---------+---------+-------+---------+---------+-------
      Total |      68 |       0 |   0.0 |      24 |       0 |   0.0
            +---------+---------+-------+---------+---------+-------
        D:1 |       2 |       0 |   0.0 |       2 |       0 |   0.0
        D:2 |      16 |       0 |   0.0 |       8 |       0 |   0.0
        D:3 |      25 |       0 |   0.0 |       8 |       0 |   0.0
        D:4 |      25 |       0 |   0.0 |       6 |       0 |   0.0
            +---------+---------+-------+---------+---------+-------
